 Dungeon Crawl Stone Soup version 0.30-a0-743-gbfdf073431 (webtiles) character file.

Game seed: 16047312501306764765

77 Iich the Trooper (level 4, -1/37 HPs)
             Began as a Demonspawn Fighter on Feb 6, 2023.
             Killed from afar by an orc wizard (15 damage)
             ... with a bolt of dispelling energy
             ... on level 3 of the Dungeon.
             The game lasted 00:02:58 (1712 turns).

Iich the Trooper (Demonspawn Fighter)               Turns: 1712, Time: 00:02:58

Health: -1/37      AC:  7    Str: 17    XL:     4   Next: 14%
Magic:  4/4        EV:  9    Int:  9    God:
Gold:   102        SH:  9    Dex: 14    Spells: 3/3 levels left

rFire   . . .      SeeInvis .    a - +0 war axe
rCold   . . .      Faith    .    c - +0 buckler
rNeg    . . .      Spirit   .    b - +0 scale mail
rPois   .          Reflect  +    p - +0 helmet
rElec   .          Harm     .    (no cloak)
rCorr   .          Rampage  .    (no gloves)
Will    .....                    (no boots) Stlth
                                 i - amulet of reflection
HPRegen 0.26/turn                (no ring)
MPRegen 0.09/turn                (no ring)

@: no status effects
A: foul stench 1, powered by death 1, sturdy frame 1
a: no special abilities


You were on level 3 of the Dungeon.
You visited 1 branch of the dungeon, and saw 3 of its levels.

You collected 102 gold pieces.

Inventory:

Hand Weapons
 a - a +0 war axe (weapon)
Armour
 b - a +0 scale mail (worn)
 c - a +0 buckler (worn)
 p - a +0 helmet (worn)
Jewellery
 i - an amulet of reflection (around neck)
 n - a ring of ice
Scrolls
 f - a scroll of torment
 j - a scroll of identify
 l - a scroll of amnesia {unknown}
 m - a scroll of poison {unknown}
 q - a scroll of brand weapon {unknown}
 s - a scroll of fog {unknown}
Potions
 d - a potion of might
 e - 2 potions of flight
 g - a potion of brilliance {unknown}
 h - a potion of lignification {unknown}
 k - a potion of curing {unknown}
 o - a potion of cancellation {unknown}
 r - a potion of heal wounds {unknown}


   Skills:
 + Level 3.7 Fighting
 * Level 3.4 Axes
 - Level 2.6 Armour
 - Level 2.6 Shields


You had 3 spell levels left.
You didn't know any spells.
Your spell library was empty.

Dungeon Overview and Level Annotations

Branches:
Dungeon (3/15)

Altars:

Shops:
D:2 [=[


Innate Abilities, Weirdness & Mutations

You may rarely emit foul miasma when damaged in melee.
You regenerate a little health from kills.
Your movements are slightly less encumbered by armour. (ER -2)


Message History

Unknown command.
You are too confused!
A goblin comes into view. It is wielding a +0 club.
The goblin shouts!
The orc wizard zaps a wand.
The bolt of dispelling energy hits you!
Your magical effects are unravelling.
An orc comes into view. It is wielding a +0 flail.
You feel less confused.
The orc shouts!
The orc wizard gestures wildly while chanting.
The orc wizard flickers and vanishes!
Deactivating autopickup; reactivate with Ctrl-A.
The orc wizard hits you but does no damage.
The orc wizard hits you with a +0 dagger.
Something hits you. The orc hits you with a +0 club.
Unknown command.
You miss the orc wizard. You barely miss the goblin. You hit something.
You hit the orc but do no damage.
The orc wizard hits you but does no damage.
You hear some strange, mumbled words.
A puff of flame appears from out of thin air!
The puff of flame reflects off an invisible shield around you!
The puff of flame hits something.
The orc barely misses you. You block the goblin's attack.
You block the orc wizard's attack. The goblin hits you with a +0 club.
Something hits you but does no damage.
Okay, then.
As you read the scroll labelled LYOSECHECIE, it crumbles to dust.
It is a scroll of identify.
f - a scroll of torment The orc wizard casts a spell at you.
The magic dart hits you.
* * * LOW HITPOINT WARNING * * *
Something hits you.
* * * LOW HITPOINT WARNING * * *
The goblin hits you but does no damage. You block the orc's attack.
The orc attacks as you move away! You block the orc's attack.
The orc wizard zaps a wand.
The bolt of dispelling energy hits you!
You die...

.......#.......###...............
..........†...## #.#.#####.######
..............# #.#.# #)#
.......<.....## #.#.# #.#
#########...## #.#.# #.#
####.###### #.#.# #.# #.........#
#.#.# #.# #.........###.#.### #.#
#..........@....... #.#
#.........o.o.......
#.........{og.......
#...................
#...................
#.#########......... ..
..#####... ..# .## ...


You could see an orc wizard, 2 orcs and a goblin.

Vanquished Creatures
  4 adders (D:2)
  A gnoll (D:1)
  A dart slug (D:1)
  2 ball pythons
  4 endoplasms
  A giant cockroach (D:2)
  2 hobgoblins
  A quokka (D:1)
  5 bats
  2 frilled lizards
  A goblin (D:3)
  4 kobolds
  4 rats
32 creatures vanquished.

Notes
Turn   | Place    | Note
-------+----------+-------------------------------------------
     0 | D:1      | Iich the Demonspawn Fighter began the quest for the Orb.
     0 | D:1      | Reached XP level 1. HP: 18/18 MP: 1/1
   166 | D:1      | Found a faded altar of an unknown god.
   216 | D:1      | Gained mutation: You regenerate a little health from kills.
                  | [demonic ancestry]
   216 | D:1      | Reached XP level 2. HP: 16/24 MP: 2/2
   717 | D:2      | Gained mutation: Your movements are slightly less
                  | encumbered by armour. (ER -2) [demonic ancestry]
   717 | D:2      | Reached XP level 3. HP: 29/29 MP: 3/3
   845 | D:2      | Found Goriza's Antique Armour Emporium.
  1058 | D:2      | Gained mutation: You may rarely emit foul miasma when
                  | damaged in melee. [demonic ancestry]
  1058 | D:2      | Reached XP level 4. HP: 16/37 MP: 4/4
  1189 | D:2      | Found Busm's Jewellery Shoppe.
  1252 | D:2      | Found Aluet's Antique Armour Shop.
  1712 | D:3      | Killed from afar by an orc wizard

Illustrated notes

Levels and vault maps discovered:
D:1:      amcnicky_arrival_abandoned_market, layout_basic,
          hellmonk_ecumenical_altar_run_dry
D:2:      layout_basic, serial_shops, shop_fountains, nicolae_square_shop,
          nicolae_shop_statue_plus
D:3:      layout_basic, chequers_serial_rivers_micro_b,
          kennysheep_generic_room_2, uniq_crazy_yiuf_cottage

Skill      XL: |  1  2  3 |
---------------+----------+-----
Axes           | 2 3 |  3.4
Fighting       | |  3.7
Armour         | |  2.6
Shields        | |  2.6

Action                     |  1- 3 |  4- 6 || total
---------------------------+-------+-------++-------
  Melee: War axe           |    88 |    20 ||   108
    Use: Potion            |     1 |       ||     1
         Scroll            |       |     1 ||     1
 Armour: Scale mail        |    35 |    12 ||    47
  Dodge: Dodged            |    43 |     7 ||    50
  Block: Buckler           |    55 |    16 ||    71
         Reflection        |     2 |     2 ||     4

Table legend: (Time is in decaauts)
 A = Elapsed time spent in this place.
 B = Non-inter-level travel time spent in this place.
 C = Inter-level travel time spent in this place.
 D = Time resting spent in this place.
 E = Time spent auto-exploring this place.
 F = Levels seen in this place.
 G = Mean time per level.
                   A        B        C        D        E       F      G
               +--------+--------+--------+--------+--------+-----+--------+
         Total |   1754 |   1583 |    171 |      0 |   1273 |   3 |  584.7 |
       Dungeon |   1754 |   1583 |    171 |      0 |   1273 |   3 |  584.7 |
               +--------+--------+--------+--------+--------+-----+--------+

Top non-repeatable levels by time:
     D:2: 913 daAuts
     D:1: 717 daAuts
     D:3: 124 daAuts
